 Dungeon Crawl Stone Soup version 0.29.0-4-gdea44cf6ec (webtiles) character file.

Game seed: 17154960331182214803

6636 qw the Cleaver (level 11, -14/69 HPs)
             Began as a Gargoyle Fighter on Sept 4, 2022.
             Demolished by Snorg (21 damage)
             ... on level 10 of the Dungeon.
             The game lasted 00:03:45 (9366 turns).

qw the Cleaver (Gargoyle Fighter)                   Turns: 9366, Time: 00:03:45

Health: -14/69     AC: 25    Str: 24    XL:     11   Next: 2%
Magic:  11/11      EV: 11    Int:  9    God:
Gold:   273        SH:  4    Dex:  9    Spells: 10/10 levels left

rFire   . . .      SeeInvis .   Y - +5 broad axe (venom)
rCold   . . .      Faith    .   c - +0 buckler
rNeg    + . .      Spirit   .   a - +0 plate armour
rPois   inf        Reflect  .   h - +0 helmet
rElec   +          Harm     .   (no cloak)
rCorr   .          Rampage  .   n - +0 pair of gloves "Uguiguyw" {Will+}
Will    +....                   b - +0 pair of boots
Stlth   ..........              (no amulet)
HPRegen 0.21/turn               o - +4 ring of evasion
MPRegen 0.12/turn               (no ring)

@: no status effects
A: sickness immunity, AC +8, negative energy resistance 1, electricity
resistance, torment resistance 1, petrification resistance
a: no special abilities


You were on level 10 of the Dungeon.
You visited 2 branches of the dungeon, and saw 11 of its levels.

You collected 449 gold pieces.
You spent 176 gold pieces at shops.


Innate Abilities, Weirdness & Mutations

You are immune to sickness and miasma.
Your stone body is resilient. (AC +8)
You are immune to poison.
You resist negative energy. (rN+)
You are resistant to electric shocks. (rElec)
You are resistant to unholy torment.
You are immune to petrification.


   Skills:
 - Level 8.8 Fighting
 + Level 10.9 Axes
 - Level 3.1 Throwing
 - Level 8.1 Armour
 - Level 1.4 Dodging
 - Level 5.3 Shields


You had 10 spell levels left.
You didn't know any spells.
Your spell library was empty.

Inventory:

Hand Weapons
 f - a +0 flail
 Y - a +5 broad axe of venom (weapon)
Missiles
 e - 2 javelins (quivered)
Armour
 a - a +0 plate armour (worn)
 b - a +0 pair of boots (worn)
 c - a +0 buckler (worn)
 h - a +0 helmet (worn)
 n - the +0 pair of gloves "Uguiguyw" (worn) {Will+}
   (You acquired it on level 4 of the Dungeon)

   Will:      It increases your willpower.
Jewellery
 o - a +4 ring of evasion (left hand)
Scrolls
 j - 4 scrolls of identify
 l - a scroll of enchant armour {unknown}
Potions
 d - 2 potions of might
 g - 8 potions of curing
 i - 2 potions of mutation
 k - 3 potions of haste

Dungeon Overview and Level Annotations

Branches:
Dungeon (10/15)            Temple (1/1) D:5
   Lair: D:8-11         Orc: D:9-12

Altars:
Ashenzari
Cheibriados
Dithmenos
Elyvilon
Fedhas
Gozag
Hepliaklqana
Kikubaaqudgha
Makhleb
Nemelex Xobeh
Okawaru
Qazlal
Ru
Sif Muna
Trog
Uskayaw
Vehumet
Wu Jian
Xom
Yredelemnul
Zin
The Shining One

Shops:
D:3 ?!*   D:4 :

Annotations:
D:5 3 runed translucent doors, qw's ghost, novice FoCA
D:10 Snorg


Message History

The two-headed ogre shouts in stereo!
You hit Snorg.
Snorg is poisoned.
Snorg is lightly wounded.
Snorg bites you. Snorg misses you. Snorg closely misses you. Snorg bites you.
Snorg closely misses you. Snorg claws you but does no damage.
You slash Snorg!
Snorg looks as sick as possible!
Snorg is moderately wounded.
You closely miss the hornet.
The hornet stings you but does no damage.
Snorg bites you but does no damage. Snorg claws you but does no damage.
You block Snorg's attack. The hornet barely misses you.
Snorg bites you but does no damage. Snorg barely misses you.
You block Snorg's attack.
You slice Snorg!!
Snorg is heavily wounded.
You hit the hornet. The hornet stings you! Snorg barely misses you.
Snorg claws you but does no damage. Snorg completely misses you.
The hornet stings you but does no damage.
You hit Snorg.
Snorg looks as sick as possible!
Snorg is heavily wounded.
You slash the howler monkey!
The howler monkey is poisoned.
You closely miss the hornet. Snorg bites you! Snorg claws you!
Snorg claws you but does no damage. You block the howler monkey's attack.
The hornet stings you but does no damage.
Snorg bites you!! Snorg claws you but does no damage. x2
You hit the howler monkey.
The howler monkey looks as sick as possible!
The howler monkey is almost dead.
You slash the hornet!
The hornet looks as sick as possible!
You slash Snorg!
Snorg looks as sick as possible!
A killer bee comes into view.
The hornet stings you but does no damage.
The howler monkey barely misses you. Snorg bites you.
Snorg claws you but does no damage. Snorg misses you.
The hornet closely misses you.
The howler monkey hoots and howls with incredible vigour!
Snorg bites you!!
You die...

..## ... .( #### ... .##
#####.... .. .(##........
.# O.......... .#
#........... .###
#.Do......... ...######
#yTh........ ##......###
#.@......... ###........
##.......... #.#######
#.......... #..........#
#..........
###.#.###.#...###.........
#...#.....#....##.....y...
#.#.#.._..#....###........
#.#.#.....#....###........
..#.#.###.#.....##........


You could see Snorg (berserk, extremely poisoned), a two-headed ogre, a hornet
(extremely poisoned), an orc warrior, an acid dragon, a howler monkey (extremely
poisoned, catching breath) and a killer bee (wandering).

Vanquished Creatures
  Harold (D:9)
  Erica (D:8)
  A two-headed ogre (D:9)
  Joseph (D:8)
  A troll (D:9)
  A shadow (D:9)
  5 yaks (D:9)
  A steam dragon (D:7)
  Menkaure (D:5)
  An acid dragon (D:9)
  Duvessa (D:7)
  A water moccasin (D:6)
  2 ice beasts
  A black bear (D:6)
  3 ogres
  3 sky beasts
  2 centaurs (D:9)
  3 phantoms
  3 kobold brigands
  2 bullfrogs
  Dowan (D:7)
  9 killer bees
  4 howler monkeys
  A jelly (D:6)
  5 orc priests
  4 iguanas
  6 orc wizards
  10 gnolls
  6 adders
  3 shadow imps (D:7)
  4 white imps
  3 ufetubi
  3 worms
  A dart slug (D:3)
  19 orcs
  8 endoplasms
  2 giant cockroaches (D:1)
  3 goblins
  7 hobgoblins
  6 jackals (D:3)
  6 quokkas
  7 ball pythons
  2 bats
  A frilled lizard (D:2)
  16 kobolds
  8 rats
180 creatures vanquished.

Vanquished Creatures (others)
  5 plants
5 creatures vanquished.

Grand Total: 185 creatures vanquished

Notes
Turn   | Place    | Note
-------+----------+-------------------------------------------
     0 | D:1      | qw the Gargoyle Fighter began the quest for the Orb.
     0 | D:1      | Reached XP level 1. HP: 14/14 MP: 1/1
     0 | D:1      | 0 ||| qw: Version: 0.1-a-102-g441f92d
     0 | D:1      | 0 ||| qw: Game counter: 5353
     0 | D:1      | 0 ||| qw: Always use a shield: true
     0 | D:1      | 0 ||| qw: God list: Okawaru
     0 | D:1      | 0 ||| qw: Allow faded altars: false
     0 | D:1      | 0 ||| qw: Do Orc after D:15 true
     0 | D:1      | 0 ||| qw: Do second Lair branch before Depths: true
     0 | D:1      | 0 ||| qw: Lair rune preference: random
     0 | D:1      | 0 ||| qw: Plans: Normal
     0 | D:1      | 0 ||| PLANNING D:1-11
    14 | D:1      | 14 ||| Stepping ~*~*~tactically~*~*~ (stealth).
    16 | D:1      | 16 ||| Stepping ~*~*~tactically~*~*~ (stealth).
    26 | D:1      | Reached skill level 2 in Axes
    35 | D:1      | 35 ||| Stepping ~*~*~tactically~*~*~ (stealth).
    67 | D:1      | 67 ||| Stepping ~*~*~tactically~*~*~ (stealth).
    69 | D:1      | 69 ||| Stepping ~*~*~tactically~*~*~ (stealth).
    75 | D:1      | Reached XP level 2. HP: 19/19 MP: 2/2
    96 | D:1      | 96 ||| Stepping ~*~*~tactically~*~*~ (stealth).
    99 | D:1      | 99 ||| Stepping ~*~*~tactically~*~*~ (stealth).
   110 | D:1      | 110 ||| Stepping ~*~*~tactically~*~*~ (stealth).
   117 | D:1      | 117 ||| Stepping ~*~*~tactically~*~*~ (stealth).
   125 | D:1      | 125 ||| Stepping ~*~*~tactically~*~*~ (stealth).
   126 | D:1      | 126 ||| Stepping ~*~*~tactically~*~*~ (stealth).
   128 | D:1      | 128 ||| Stepping ~*~*~tactically~*~*~ (stealth).
   140 | D:1      | 140 ||| Stepping ~*~*~tactically~*~*~ (stealth).
   146 | D:1      | 146 ||| Stepping ~*~*~tactically~*~*~ (stealth).
   147 | D:1      | 147 ||| Stepping ~*~*~tactically~*~*~ (stealth).
   254 | D:1      | Found a faded altar of an unknown god.
   562 | D:1      | Reached skill level 3 in Axes
   608 | D:1      | 608 ||| READING scroll labelled FUGOLI QIWI.
   609 | D:1      | 609 ||| READING scroll labelled MURIBO COMIET.
   610 | D:1      | 610 ||| READING scroll labelled ENUNTEE KUEPP.
   611 | D:1      | 611 ||| READING scroll labelled DEADYS ONO.
   612 | D:1      | 612 ||| READING scroll labelled WASHEMIZ UNNA.
   613 | D:1      | 613 ||| READING scroll labelled RORPHI QAJOEGEE.
   614 | D:1      | 614 ||| READING scroll labelled QINERPHAEMP.
   615 | D:1      | 615 ||| DRINKING 2 orange potions.
   671 | D:2      | Reached XP level 3. HP: 23/23 MP: 3/3
   881 | D:2      | HP: 2/23 [gnoll/+0 flail (6)]
   882 | D:2      | 882 ||| DRINKING potion of heal wounds.
   890 | D:2      | Reached XP level 4. HP: 7/28 MP: 4/4
   890 | D:2      | HP: 1/28 [gnoll/+0 spear (6)]
   894 | D:2      | Reached skill level 4 in Axes
  1189 | D:2      | 1189 ||| DROPPING +0 club.
  1668 | D:2      | 1668 ||| UPGRADING to +0 plate armour.
  1678 | D:2      | 1678 ||| DROPPING +0 scale mail.
  1683 | D:3      | Found Buimina's Distillery.
  1689 | D:3      | 1689 ||| SHOPLISTING 2 potions of mutation (192 gold, have
                  | 160).
  1689 | D:3      | 1689 ||| BUYING 3 potions of curing (108 gold).
  1689 | D:3      | Bought 3 potions of curing for 108 gold pieces
  1689 | D:3      | 1689 ||| SHOPLISTING potion of heal wounds (60 gold, have
                  | 52).
  1689 | D:3      | 1689 ||| BUYING potion of might (48 gold).
  1689 | D:3      | Bought a potion of might for 48 gold pieces
  1689 | D:3      | 1689 ||| SHOPLISTING potion of mutation (96 gold, have 4).
  1696 | D:3      | Found Dis Jonke's Assorted Antiques.
  1712 | D:3      | 1712 ||| SHOPLISTING 2 fizzy dark potions (55 gold, have
                  | 19).
  1712 | D:3      | 1712 ||| SHOPLISTING 2 murky dark potions (55 gold, have
                  | 19).
  1712 | D:3      | 1712 ||| SHOPLISTING bubbling purple potion (27 gold, have
                  | 19).
  1712 | D:3      | 1712 ||| SHOPLISTING glowing flail (201 gold, have 19).
  1712 | D:3      | 1712 ||| SHOPLISTING ichor-stained war axe (263 gold, have
                  | 19).
  1712 | D:3      | 1712 ||| SHOPLISTING scroll labelled DENGYC TUEJ (31 gold,
                  | have 19).
  1712 | D:3      | 1712 ||| SHOPLISTING scroll labelled MAM EBEXUST (31 gold,
                  | have 19).
  1712 | D:3      | 1712 ||| SHOPLISTING scroll labelled TIPLOO DAXIUL (31
                  | gold, have 19).
  2089 | D:3      | Reached XP level 5. HP: 31/32 MP: 5/5
  2130 | D:3      | Found Ibeamol's Magic Scroll Boutique.
  2182 | D:3      | 2182 ||| BUYING scroll of identify (20 gold).
  2182 | D:3      | Bought a scroll of identify for 20 gold pieces
  2182 | D:3      | 2182 ||| SHOPLISTING scroll of identify (20 gold, have 10).
  2243 | D:3      | 2243 ||| Stepping ~*~*~tactically~*~*~ (stealth).
  2449 | D:3      | 2449 ||| DROPPING scarf of invisibility.
  2450 | D:3      | 2450 ||| UPGRADING to +4 ring of evasion.
  2451 | D:3      | 2451 ||| READING scroll labelled NALECKE JELEG.
  2451 | D:3      | Identified a scroll of acquirement
  2451 | D:3      | 2451 ||| ACQUIRING +4 broad axe of venom
  2451 | D:3      | Acquired a +4 broad axe of venom
  2453 | D:3      | 2453 ||| SWAPPING to +4 broad axe of venom.
  2454 | D:3      | 2454 ||| DROPPING +0 war axe.
  2455 | D:3      | 2455 ||| READING scroll labelled TIPLOO DAXIUL.
  2456 | D:3      | 2456 ||| READING scroll labelled ECLASM XUS HEFOUC.
  2457 | D:3      | 2457 ||| READING scroll labelled VOUCZE DETZAX.
  2458 | D:3      | 2458 ||| DRINKING 2 metallic amethyst potions.
  2459 | D:3      | 2459 ||| DRINKING 2 red potions.
  2460 | D:3      | 2460 ||| READING 3 scrolls of identify.
  2460 | D:3      | 2460 ||| IDENTIFYING puce potion
  2461 | D:3      | 2461 ||| READING 2 scrolls of identify.
  2461 | D:3      | 2461 ||| IDENTIFYING smoky brown potion
  2462 | D:3      | 2462 ||| DROPPING potion of invisibility.
  2463 | D:3      | 2463 ||| DROPPING potion of berserk rage.
  2464 | D:3      | 2464 ||| DROPPING potion of brilliance.
  2465 | D:3      | 2465 ||| DROPPING potion of attraction.
  2545 | D:4      | Found Heyw's Book Shoppe.
  2585 | D:4      | Noticed a phantom
  2594 | D:4      | Reached skill level 5 in Axes
  2601 | D:4      | 2601 ||| Stepping ~*~*~tactically~*~*~ (stealth).
  2602 | D:4      | 2602 ||| Stepping ~*~*~tactically~*~*~ (stealth).
  2605 | D:4      | Killed a phantom
  2606 | D:4      | Reached XP level 6. HP: 36/39 MP: 6/6
  2743 | D:4      | 2743 ||| READING scroll of acquirement.
  2743 | D:4      | 2743 ||| ACQUIRING +0 pair of gloves "Uguiguyw" {Will+}
  2743 | D:4      | Acquired the +0 pair of gloves "Uguiguyw" {Will+}
  2745 | D:4      | 2745 ||| UPGRADING to +0 pair of boots.
  2750 | D:4      | 2750 ||| UPGRADING to +0 pair of gloves "Uguiguyw" {Will+}.
  3335 | D:4      | Reached skill level 6 in Axes
  3350 | D:4      | Found a stormy altar of Qazlal.
  3418 | D:4      | 3418 ||| READING 2 scrolls labelled MAM EBEXUST.
  3419 | D:4      | 3419 ||| DRINKING 2 murky dark potions.
  3420 | D:4      | 3420 ||| DRINKING 2 fizzy dark potions.
  3481 | D:4      | 3481 ||| DRINKING 2 bubbling puce potions.
  3482 | D:4      | 3482 ||| READING 3 scrolls of identify.
  3482 | D:4      | 3482 ||| IDENTIFYING bubbling black potion
  3483 | D:4      | 3483 ||| READING 2 scrolls of identify.
  3483 | D:4      | 3483 ||| IDENTIFYING sedimented ruby potion
  3484 | D:4      | 3484 ||| DROPPING potion of magic.
  3485 | D:4      | 3485 ||| DROPPING scroll of noise.
  3486 | D:4      | 3486 ||| DROPPING potion of lignification.
  3487 | D:4      | 3487 ||| DROPPING potion of flight.
  3491 | D:5      | Entered Level 5 of the Dungeon
  3492 | D:5      | 3492 ||| PLANNING SEWER
  3497 | D:5      | Reached XP level 7. HP: 29/44 MP: 7/7
  3619 | D:5      | Noticed Menkaure
  3620 | D:5      | 3620 ||| Stepping ~*~*~tactically~*~*~ (hiding).
  3627 | D:5      | Killed Menkaure
  3685 | D:5      | Reached skill level 7 in Axes
  3913 | D:5      | Found a runed translucent gate.
  3913 | D:5      | Found a runed translucent gate.
  3913 | D:5      | Found a runed translucent gate.
  3913 | D:5      | Noticed qw's ghost (novice FoCA)
  3931 | D:5      | Found a blossoming altar of Fedhas.
  3966 | D:5      | Found a staircase to the Ecumenical Temple.
  3967 | D:5      | 3967 ||| PLANNING TEMPLE
  3975 | Temple   | Entered the Ecumenical Temple
  4155 | Temple   | 4155 ||| PLANNING SEWER
  4172 | D:5      | 4172 ||| RIP SEWER
  4173 | D:5      | 4173 ||| PLANNING D:1-11
  4360 | D:5      | 4360 ||| Stepping randomly (stuck).
  4361 | D:5      | 4361 ||| Stepping randomly (stuck).
  4363 | D:5      | 4363 ||| Stepping randomly (stuck).
  4364 | D:5      | 4364 ||| Stepping randomly (stuck).
  4365 | D:5      | 4365 ||| Stepping randomly (stuck).
  4367 | D:5      | 4367 ||| Stepping randomly (stuck).
  4368 | D:5      | 4368 ||| Stepping randomly (stuck).
  4369 | D:5      | 4369 ||| Stepping randomly (stuck).
  4370 | D:5      | 4370 ||| Stepping randomly (stuck).
  4371 | D:5      | 4371 ||| Stepping randomly (stuck).
  4372 | D:5      | 4372 ||| Stepping randomly (stuck).
  4373 | D:5      | 4373 ||| Stepping randomly (stuck).
  4479 | D:6      | Found a shimmering altar of Xom.
  4492 | D:6      | 4492 ||| Stepping ~*~*~tactically~*~*~ (stealth).
  4502 | D:6      | Reached XP level 8. HP: 44/50 MP: 8/8
  4553 | D:6      | Reached skill level 1 in Dodging
  4575 | D:6      | 4575 ||| Stepping ~*~*~tactically~*~*~ (stealth).
  4579 | D:6      | 4579 ||| Stepping ~*~*~tactically~*~*~ (stealth).
  4718 | D:6      | 4718 ||| Stepping ~*~*~tactically~*~*~ (stealth).
  4739 | D:6      | Found a bloodstained altar of Trog.
  4807 | D:6      | 4807 ||| Stepping ~*~*~tactically~*~*~ (stealth).
  4809 | D:6      | 4809 ||| Stepping ~*~*~tactically~*~*~ (hiding).
  4810 | D:6      | 4810 ||| Stepping ~*~*~tactically~*~*~ (hiding).
  4811 | D:6      | 4811 ||| Stepping ~*~*~tactically~*~*~ (hiding).
  4819 | D:6      | 4819 ||| Stepping ~*~*~tactically~*~*~ (stealth).
  4985 | D:6      | Reached skill level 1 in Throwing
  5257 | D:6      | Reached skill level 8 in Axes
  5266 | D:6      | 5266 ||| READING 2 scrolls of identify.
  5266 | D:6      | 5266 ||| IDENTIFYING lumpy puce potion
  5267 | D:6      | 5267 ||| DROPPING potion of degeneration.
  5303 | D:7      | 5303 ||| FLEEEEING.
  5305 | D:7      | 5305 ||| FLEEEEING.
  5306 | D:7      | 5306 ||| STAIRDANCE
  5387 | D:7      | 5387 ||| STAIRDANCE
  5401 | D:6      | Reached XP level 9. HP: 47/55 MP: 9/9
  5450 | D:7      | HP: 12/55 [ice beast (12)]
  5451 | D:7      | 5451 ||| DRINKING potion of heal wounds.
  5453 | D:7      | Reached skill level 6 in Fighting
  5453 | D:7      | 5453 ||| STAIRDANCE
  5662 | D:7      | 5662 ||| Stepping ~*~*~tactically~*~*~ (stealth).
  5665 | D:7      | 5665 ||| Stepping ~*~*~tactically~*~*~ (cloud).
  5824 | D:7      | Noticed Duvessa
  5824 | D:7      | Noticed Dowan
  5827 | D:7      | 5827 ||| Stepping ~*~*~tactically~*~*~ (stealth).
  5831 | D:7      | 5831 ||| Stepping ~*~*~tactically~*~*~ (stealth).
  5834 | D:7      | Killed Duvessa
  5835 | D:7      | Reached skill level 9 in Axes
  5848 | D:7      | Killed Dowan
  5946 | D:7      | 5946 ||| Stepping ~*~*~tactically~*~*~ (stealth).
  6034 | D:7      | 6034 ||| Stepping ~*~*~tactically~*~*~ (stealth).
  6035 | D:7      | 6035 ||| Stepping ~*~*~tactically~*~*~ (stealth).
  6057 | D:7      | Reached skill level 6 in Armour
  6267 | D:7      | 6267 ||| Stepping ~*~*~tactically~*~*~ (hiding).
  6272 | D:7      | 6272 ||| Stepping ~*~*~tactically~*~*~ (stealth).
  6274 | D:7      | 6274 ||| Stepping ~*~*~tactically~*~*~ (stealth).
  6322 | D:7      | Found a white marble altar of Elyvilon.
  6325 | D:7      | Found a burning altar of Makhleb.
  6343 | D:7      | 6343 ||| Stepping ~*~*~tactically~*~*~ (stealth).
  6681 | D:7      | 6681 ||| READING scroll labelled PINTEQOFE.
  6803 | D:8      | Noticed Erica
  6804 | D:8      | 6804 ||| Stepping ~*~*~tactically~*~*~ (hiding).
  6810 | D:8      | Killed Erica
  6958 | D:8      | Reached XP level 10. HP: 65/65 MP: 10/10
  7018 | D:8      | Found an iron altar of Okawaru.
  7123 | D:8      | Noticed Joseph
  7124 | D:8      | 7124 ||| Stepping ~*~*~tactically~*~*~ (hiding).
  7135 | D:8      | Killed Joseph
  7140 | D:8      | 7140 ||| Stepping ~*~*~tactically~*~*~ (hiding).
  7562 | D:8      | 7562 ||| Stepping ~*~*~tactically~*~*~ (stealth).
  7563 | D:8      | 7563 ||| Stepping ~*~*~tactically~*~*~ (stealth).
  7563 | D:8      | Found a glowing golden altar of the Shining One.
  7564 | D:8      | 7564 ||| Stepping ~*~*~tactically~*~*~ (stealth).
  7653 | D:8      | 7653 ||| UPGRADING to +0 helmet.
  7658 | D:8      | 7658 ||| READING scroll labelled BIVOFEROERR.
  7659 | D:8      | 7659 ||| DRINKING 2 bubbling purple potions.
  7760 | D:8      | 7760 ||| DROPPING potion of ambrosia.
  7825 | D:9      | Reached skill level 10 in Axes
  7829 | D:9      | 7829 ||| Stepping ~*~*~tactically~*~*~ (stealth).
  7830 | D:9      | 7830 ||| Stepping ~*~*~tactically~*~*~ (stealth).
  7837 | D:9      | HP: 16/65 [acid dragon (10)]
  7844 | D:9      | HP: 14/65 [acid dragon/splash of acid (3)]
  8143 | D:9      | 8143 ||| Stepping ~*~*~tactically~*~*~ (hiding).
  8308 | D:9      | Found a radiant altar of Vehumet.
  8408 | D:9      | Noticed Harold
  8419 | D:9      | Killed Harold
  8570 | D:9      | 8570 ||| Stepping ~*~*~tactically~*~*~ (stealth).
  8572 | D:9      | 8572 ||| Stepping ~*~*~tactically~*~*~ (stealth).
  8575 | D:9      | Reached skill level 3 in Throwing
  8819 | D:9      | 8819 ||| Stepping ~*~*~tactically~*~*~ (hiding).
  8821 | D:9      | 8821 ||| Stepping ~*~*~tactically~*~*~ (hiding).
  8868 | D:9      | Noticed a two-headed ogre
  8875 | D:9      | Killed a two-headed ogre
  8924 | D:9      | Reached XP level 11. HP: 69/69 MP: 11/11
  9152 | D:10     | Entered Level 10 of the Dungeon
  9156 | D:10     | 9156 ||| STAIRDANCE
  9309 | D:10     | Found an ornate altar of the Wu Jian Council.
  9357 | D:10     | Noticed Snorg
  9361 | D:10     | Noticed a two-headed ogre
  9365 | D:10     | HP: 13/69 [Snorg (18)]
  9366 | D:10     | Demolished by Snorg

Levels and vault maps discovered:
D:1:      dpeg_arrival_water_temple_mockup, layout_basic,
          chequers_ecumenical_altar_island
D:2:      layout_basic, grunt_ministairs_9
D:3:      layout_basic, serial_shops, nicolae_diamond_shop, shop,
          nicolae_shop_overgrown_old_shop
D:4:      wad_lake_hut, layout_rooms, nicolae_qazlal_eye_of_the_storm,
          nicolae_wooded_promenade
D:5:      layout_rooms, fedhas_altar_3, minmay_temple_entry_proselytizer,
          cheibrodos_sewer_entry_bend, ebering_ghost_rock_garden,
          chequers_garden, uniq_menkaure
D:6:      layout_basic, mainiacjoe_overflow_six_doors_small,
          trog_three_pillars_becter, minmay_checkerbox
D:7:      layout_cave_pods, mainiacjoe_overflow_catwalk_spiral, uniq_duvessa
D:8:      layout_loops_ring, mainiacjoe_overflow_boulevard,
          general_overflow_altar, uniq_joseph, uniq_erica
D:9:      layout_irregular_city, kennysheep_little_box, enter_bailey_2,
          nicolae_figureground_sparkle, uniq_harold
D:10:     layout_cave_pods, mainiacjoe_overflow_cross_hatched,
          onia_ninara_cookie, uniq_snorg
Temple:   nicolae_temple_bog_church

Skill      XL: |  1  2  3  4  5  6  7  8  9 10 |
---------------+-------------------------------+-----
Axes           | 2 3 4 5 6 7 8 9 10 | 10.9
Fighting       | 4 5 8 |  8.8
Armour         | 4 5 6 8 |  8.1
Dodging        | 1 |  1.4
Throwing       | 2 3 |  3.1
Shields        | 4 5 |  5.3

Action                   |  1- 3 |  4- 6 |  7- 9 | 10-12 || total
-------------------------+-------+-------+-------+-------++-------
Melee: War axe           |    73 |    71 |       |       ||   144
       Broad axe         |       |    48 |   206 |   104 ||   358
Throw: Javelin           |       |       |    21 |    20 ||    41
  Use: Scroll            |     7 |    10 |     2 |     1 ||    20
       Potion            |     2 |     5 |     1 |     1 ||     9
Armor: Scale mail        |    41 |    11 |       |       ||    52
       Plate armour      |       |    50 |   127 |    86 ||   263
Dodge: Dodged            |    28 |    49 |   113 |    61 ||   251
Block: Buckler           |    16 |    15 |    44 |    26 ||   101

Table legend:
 A = Non-vault XP
 B = Vault XP
 C = Vault XP percentage of total XP
 D = Non-vault monster count
 E = Vault monster count
 F = Vault count percentage of total count
                 A         B        C        D         E       F
            +---------+---------+-------+---------+---------+-------
      Total |    6595 |    2885 |  30.4 |     165 |      15 |   8.3
            +---------+---------+-------+---------+---------+-------
        D:1 |      31 |       0 |   0.0 |      19 |       0 |   0.0
        D:2 |     105 |       4 |   3.7 |      19 |       2 |   9.5
        D:3 |      43 |       0 |   0.0 |      20 |       0 |   0.0
        D:4 |     418 |       0 |   0.0 |      20 |       0 |   0.0
        D:5 |     264 |     225 |  46.0 |      10 |       4 |  28.6
        D:6 |     999 |     254 |  20.3 |      18 |       4 |  18.2
        D:7 |    1134 |     221 |  16.3 |      27 |       2 |   6.9
        D:8 |     493 |    1305 |  72.6 |      11 |       2 |  15.4
        D:9 |    3047 |     876 |  22.3 |      20 |       1 |   4.8
       D:10 |      61 |       0 |   0.0 |       1 |       0 |   0.0
            +---------+---------+-------+---------+---------+-------
